 Dungeon Crawl Stone Soup version 0.21-a0-578-gc6e9d75 (webtiles) character file.

150 tidbits the Caller (level 5, -1/37 HPs)
             Began as a Gnoll Summoner on Dec 18, 2017.
             Killed from afar by an orc wizard (9 damage)
             ... with a magic dart
             ... on level 4 of the Dungeon.
             The game lasted 00:10:23 (1069 turns).

tidbits the Caller (Gnoll Summoner)                 Turns: 1069, Time: 00:10:23

Health: -1/37      AC:  5    Str: 10    XL:     5   Next: 32%
Magic:  1/12       EV: 20    Int: 24    God:
Gold:   66         SH:  0    Dex: 20    Spells: 4/14 levels left

rFire    . . .     SeeInvis .   a - +0 short sword (holy)
rCold    . . .     Gourm    +   (no shield)
rNeg     . . .     Faith    .   g - +0 robe
rPois    .         Spirit   .   (no helmet)
rElec    .         Reflect  .   C - +2 cloak
rCorr    .         Harm     .   (no gloves)
MR       .....                  (no boots)
Stlth    +++.......             e - amulet of the gourmand
HPRegen  0.12/turn              n - ring of loudness (curse)
MPRegen  0.13/turn              (no ring)

@: brilliant, agile, very slightly contaminated
A: distributed training, fangs 1, strong nose
a: no special abilities


You were on level 4 of the Dungeon.
You were not hungry.

You visited 1 branch of the dungeon, and saw 5 of its levels.

You collected 66 gold pieces.

Inventory:

Hand Weapons
 a - a +0 short sword of holy wrath (weapon)
   (You took it off an orc on level 4 of the Dungeon)
 h - a +0 spear
 l - a +0 trident
 m - a +0 whip
 p - a +0 short sword
 q - a +0 long sword
 r - a +0 dagger
Missiles
 i - 60 stones
 s - 9 tomahawks (quivered)
 v - 12 arrows
Armour
 g - a +0 robe (worn)
 o - a +0 ring mail
 C - a +2 cloak (worn)
Jewellery
 e - an amulet of the gourmand (around neck)
   (You found it on level 1 of the Dungeon)
 n - a cursed ring of loudness (left hand)
   (You found it on level 2 of the Dungeon)
Scrolls
 k - 3 scrolls of amnesia
 t - a scroll of magic mapping {unknown}
 w - a scroll of fear {unknown}
 x - a scroll of noise {unknown}
Potions
 d - a potion of ambrosia
 f - a potion of curing
 j - a potion of agility
Books
 b - a book of Callings

   Spells                             Type                      Level
   a - Summon Small Mammal            Summoning                    1
   b - Call Imp                       Summoning                    2
   c - Call Canine Familiar           Summoning                    3
   d - Summon Guardian Golem          Hexes/Summoning              3
   e - Summon Lightning Spire         Summoning/Air                4
   f - Summon Ice Beast               Ice/Summoning                4
Comestibles
 c - 3 rations


   Skills:
 + Level 1.4 Fighting
 + Level 1.4 Short Blades
 + Level 1.4 Long Blades
 + Level 1.4 Axes
 + Level 1.4 Maces & Flails
 + Level 1.4 Polearms
 + Level 1.4 Staves
 + Level 1.4 Slings
 + Level 1.4 Bows
 + Level 1.4 Crossbows
 + Level 1.4 Throwing
 + Level 1.4 Armour
 + Level 4.7 Dodging
 + Level 4.4 Stealth
 + Level 1.4 Shields
 + Level 1.4 Unarmed Combat
 + Level 5.2 Spellcasting
 + Level 1.1 Conjurations
 + Level 1.1 Hexes
 + Level 1.1 Charms
 + Level 7.2 Summonings
 + Level 1.1 Necromancy
 + Level 1.1 Translocations
 + Level 1.1 Transmutations
 + Level 1.1 Fire Magic
 + Level 1.1 Ice Magic
 + Level 1.1 Air Magic
 + Level 1.1 Earth Magic
 + Level 1.1 Poison Magic
 + Level 1.6 Invocations
 + Level 1.4 Evocations


You had 4 spell levels left.
You knew the following spells:

 Your Spells              Type           Power        Failure   Level  Hunger
a - Summon Small Mammal   Summ           ####         1%          1    None
c - Call Canine Familiar  Summ           ######..     1%          3    ##.....
i - Call Imp              Summ           ######..     1%          2    None
L - Summon Lightning Spi  Summ/Air       #####...     1%          4    ####...


Dungeon Overview and Level Annotations

Branches:
Dungeon (5/15)
 Temple: D:4-7

Altars:
Vehumet


Innate Abilities, Weirdness & Mutations

Your experience applies equally to all skills.
You have very sharp teeth.
Your uncanny sense of smell can sniff out nearby items.


Message History

You hit the orc.
The orc is almost dead.
Your crimson imp blinks!
The orc closely misses you.
Your crimson imp blinks!
You hit the orc.
You kill the orc!
Things that are here:
a short sword; a trident
l - a trident Unknown command.
You swap places.
You swap places.
The iguana bites your crimson imp.
Your crimson imp barely misses the iguana.
The iguana closely misses your crimson imp.
Your crimson imp blinks!
Unknown command.
Your crimson imp blinks!
Throwing (i - inventory. (,) - cycle):
s - 9 tomahawks (quivered)
Press: ? - help, Shift-Dir - straight line, f - iguana
Aim: an iguana (translocational energy)
You throw a tomahawk. The tomahawk closely misses the iguana.
Casting: Call Imp
Confirm with . or Enter, or press ? or * to list all spells.
Aiming: Summon Lightning Spire
Press: ? - help, Dir - move target cursor, p - iguana An electric hum fills the air.
Throwing (i - inventory. (,) - cycle):
s - 8 tomahawks (quivered)
Press: ? - help, Shift-Dir - straight line, f - iguana
Aim: an iguana You throw a tomahawk.
The tomahawk hits the iguana but does no damage.
Your lightning spire shoots out a bolt of lightning at the iguana!
The bolt of electricity hits the iguana. x2
The iguana dies!
Your crimson imp blinks!
Your magical contamination has completely faded away.
s - 8 tomahawks (gained 1)
You swap places.
s - 9 tomahawks (gained 1)
There is a stone staircase leading down here.
You climb downwards.
Your summoned allies are left behind.
A quokka, a sky beast, 4 orcs and a skeleton come into view.
Found a lumpy green potion.
There is a stone staircase leading up here.
The sky beast flickers out of sight!
Deactivating autopickup; reactivate with Ctrl-A.
You climb upwards.
Your crimson imp disappears in a puff of smoke! x2
There is a stone staircase leading down here.
An orc wizard comes into view. It is wielding a dagger.
The orc wizard shouts!
You hear a shout! x2
The orc wizard points at you and mumbles some strange words.
The puff of flame hits you!
An orc comes into view. It is wielding a hand axe.
An orc wizard comes into view. It is wielding a dagger.
The orc shouts!
The orc wizard gestures wildly while chanting.
The orc wizard seems to speed up.
An orc wizard comes into view. It is wielding a dagger.
You see here a scroll labeled TAXZIMUIRR.
x - a scroll labeled TAXZIMUIRR
Found 17 gold pieces.
You see here 17 gold pieces.
You now have 66 gold pieces (gained 17).
The orc wizard casts a spell at you. The magic dart hits you!
Casting: Summon Lightning Spire
Confirm with . or Enter, or press ? or * to list all spells.
Aiming: Summon Lightning Spire
Press: ? - help, Dir - move target cursor You miscast Summon Lightning Spire.
You are very lightly contaminated with residual magic.
You hear a whooshing sound.
The orc wizard shouts!
Okay, then.
You barely miss the orc wizard. The orc wizard hits you with a dagger.
The orc wizard misses you.
A worker ant comes into view.
The orc wizard hits you with a dagger.
The orc wizard gestures wildly while chanting.
The orc wizard blinks!
The orc wizard looks satisfied for a moment.
The orc wizard hits you with a dagger.
* * * LOW HITPOINT WARNING * * *
The orc wizard points at you and mumbles some strange words.
The puff of flame hits you!
* * * LOW HITPOINT WARNING * * *
You feel agile all of a sudden.
The orc wizard hits you but does no damage.
The orc wizard completely misses you.
The orc wizard gestures at you while chanting.
The puff of flame misses you.
The orc wizard mumbles some strange words.
The orc wizard seems to speed up.
It was a potion of brilliance.
You feel clever all of a sudden.
The orc wizard gestures at you while chanting.
The magic dart hits you!
You die...

.......... .......... .
##..o...o....... #.#####
#..........%.....
#......##.#.#............
#......#....#.o......O...
#........##o<#..........
#......o###.#......o....##
.........oo@...$...##.....##
.#......###..##..#.##.. #O..
.......####.###..#.#.. #...
##..........# #..#...# #...
#.......#..###..##..####.O.
....#.##....>##..##.........
...... #..............###...
..a. ♣♣♣..............#...
♣♣.............####


You could see 4 orc wizards and 2 orcs.

Vanquished Creatures
  4 dart slugs
  A leopard gecko (D:2)
  4 orcs
  3 kobolds
  A quokka (D:2)
  2 ball pythons
  5 bats
  A frilled lizard (D:3)
  A rat (D:2)
22 creatures vanquished.

Vanquished Creatures (collateral kills)
  An ogre (D:4)
  An iguana (D:4)
  3 adders
  An ooze (D:2)
  7 orcs
  A ball python (D:3)
  2 goblins
  4 hobgoblins
  2 quokkas (D:3)
  2 bats (D:1)
  2 frilled lizards
  5 kobolds
  A quokka skeleton (D:4)
  5 rats (D:1)
37 creatures vanquished.

Grand Total: 59 creatures vanquished

Notes
Turn   | Place    | Note
-------+----------+-------------------------------------------
     0 | D:1      | tidbits the Gnoll Summoner began the quest for the Orb.
     0 | D:1      | Reached XP level 1. HP: 13/13 MP: 6/6
   189 | D:1      | Reached XP level 2. HP: 3/19 MP: 7/7
   468 | D:2      | Found a radiant altar of Vehumet.
   477 | D:2      | Reached XP level 3. HP: 17/25 MP: 6/9
   487 | D:2      | Reached skill level 5 in Spellcasting
   611 | D:2      | Learned a level 3 spell: Call Canine Familiar
   614 | D:2      | Learned a level 2 spell: Call Imp
   732 | D:3      | Reached skill level 1 in Invocations
   845 | D:3      | Reached skill level 1 in Fighting
   845 | D:3      | Reached skill level 1 in Short Blades
   845 | D:3      | Reached skill level 1 in Long Blades
   845 | D:3      | Reached skill level 1 in Axes
   845 | D:3      | Reached skill level 1 in Maces & Flails
   845 | D:3      | Reached skill level 1 in Polearms
   845 | D:3      | Reached skill level 1 in Staves
   845 | D:3      | Reached skill level 1 in Slings
   845 | D:3      | Reached skill level 1 in Bows
   845 | D:3      | Reached skill level 1 in Crossbows
   845 | D:3      | Reached skill level 1 in Throwing
   845 | D:3      | Reached skill level 1 in Armour
   845 | D:3      | Reached skill level 1 in Shields
   845 | D:3      | Reached skill level 1 in Unarmed Combat
   845 | D:3      | Reached skill level 1 in Evocations
   867 | D:3      | Reached XP level 4. HP: 18/32 MP: 11/11
   930 | D:3      | Learned a level 4 spell: Summon Lightning Spire
   953 | D:4      | Noticed an ogre
   987 | D:4      | Killed an ogre
   987 | D:4      | Reached skill level 1 in Conjurations
   987 | D:4      | Reached skill level 1 in Hexes
   987 | D:4      | Reached skill level 1 in Charms
   987 | D:4      | Reached skill level 1 in Necromancy
   987 | D:4      | Reached skill level 1 in Translocations
   987 | D:4      | Reached skill level 1 in Transmutations
   987 | D:4      | Reached skill level 1 in Fire Magic
   987 | D:4      | Reached skill level 1 in Ice Magic
   987 | D:4      | Reached skill level 1 in Air Magic
   987 | D:4      | Reached skill level 1 in Earth Magic
   987 | D:4      | Reached skill level 1 in Poison Magic
   987 | D:4      | Reached XP level 5. HP: 27/37 MP: 1/12
  1048 | D:5      | Entered Level 5 of the Dungeon
  1048 | D:5      | Noticed a sky beast
  1069 | D:4      | Killed from afar by an orc wizard

Vault maps used:
D:1:      dpeg_arrival_chambers_temple_mockup
D:2:      vehumet_crystals
D:3:      first_ration, eino_tiny_chamber, minivault_26
D:4:      good_gods_temple_1, lemuel_round_altar, uniq_eustachio
D:5:      gammafunk_cloud_chamber

Skill      XL: |  1  2  3  4 |
---------------+-------------+-----
Spellcasting   | 5 |  5.2
Invocations    | 1 |  1.6
Fighting       | 1 |  1.4
Short Blades   | 1 |  1.4
Long Blades    | 1 |  1.4
Axes           | 1 |  1.4
Maces & Flails | 1 |  1.4
Polearms       | 1 |  1.4
Staves         | 1 |  1.4
Slings         | 1 |  1.4
Bows           | 1 |  1.4
Crossbows      | 1 |  1.4
Throwing       | 1 |  1.4
Armour         | 1 |  1.4
Shields        | 1 |  1.4
Unarmed Combat | 1 |  1.4
Evocations     | 1 |  1.4
Conjurations   | 1 |  1.1
Hexes          | 1 |  1.1
Charms         | 1 |  1.1
Necromancy     | 1 |  1.1
Translocations | 1 |  1.1
Transmutations | 1 |  1.1
Fire Magic     | 1 |  1.1
Ice Magic      | 1 |  1.1
Air Magic      | 1 |  1.1
Earth Magic    | 1 |  1.1
Poison Magic   | 1 |  1.1
Dodging        | |  4.7
Stealth        | |  4.4
Summonings     | |  7.2

Action                   |  1- 3 |  4- 6 || total
-------------------------+-------+-------++-------
Melee: Whip              |    11 |       ||    11
       Bite              |     6 |     5 ||    11
       Short sword       |    32 |    25 ||    57
Throw: Tomahawk          |       |     3 ||     3
 Cast: Summon Small Mamm |    27 |       ||    27
       Call Imp          |     7 |     4 ||    11
       Summon Lightning  |       |     2 ||     2
  Use: Scroll            |     4 |     2 ||     6
       Potion            |       |     2 ||     2
 Stab: Sleeping          |     6 |       ||     6
       Distracted        |     1 |       ||     1
  Eat: Chunk             |       |     1 ||     1
Armor: Robe              |     7 |     2 ||     9
Dodge: Dodged            |    26 |    35 ||    61

Table legend:
 A = Spawn XP
 B = Non-spawn XP
 C = Spawn XP percentage of total XP
 D = Spawn monster count
 E = Non-spawn monster count
 F = Spawn count percentage of total count
 G = Total turns spent on level
                    A         B        C        D         E        F      G
               +---------+---------+-------+---------+---------+-------+---------
         Total |       0 |     215 |   0.0 |       0 |      59 |   0.0 |  1069
               +---------+---------+-------+---------+---------+-------+---------
           D:1 |       0 |      25 |   0.0 |       0 |      19 |   0.0 |   322
           D:2 |       0 |      21 |   0.0 |       0 |      12 |   0.0 |   368
           D:3 |       0 |      42 |   0.0 |       0 |      18 |   0.0 |   202
           D:4 |       0 |     127 |   0.0 |       0 |      10 |   0.0 |   175
               +---------+---------+-------+---------+---------+-------+---------

Table legend:
 A = Turns spent in this place as a percentage of turns spent in the entire game.
 B = Non-inter-level travel turns spent in this place as a percentage of non-inter-level travel turns spent in the entire game.
 C = Inter-level travel turns spent in this place as a percentage of turns spent in this place.
 D = Turns resting spent in this place as a percentage of non-inter-level travel turns spent in this place.
 E = Turns spent auto-exploring this place as a percentage of non-inter-level travel turns spent in this place.
 F = Non-inter-level travel turns spent in this place divided by the number of levels of this place that you've seen.
                   A       B       C       D       E      F
               +-------+-------+-------+-------+-------+----------------------
         Total | 100.0 | 100.0 |   0.0 |   0.0 |   0.0 | 213.8
       Dungeon | 100.0 | 100.0 |   0.0 |   0.0 |   0.0 | 213.8
               +-------+-------+-------+-------+-------+----------------------

Table legend:
 A = Kills in this place as a percentage of kills in entire the game.
 B = Kills by you in this place as a percentage of kills by you in the entire game.
 C = Kills by friends in this place as a percentage of kills by friends in the entire game.
 D = Other kills in this place as a percentage of other kills in the entire game.
 E = Experience gained in this place as a percentage of experience gained in the entire game.
 F = Experience gained in this place divided by the number of levels of this place that you have seen.
                   A       B       C       D       E      F
               +-------+-------+-------+-------+-------+----------------------
         Total | 100.0 | 100.0 | 100.0 |   N/A | 100.0 |  43.0
       Dungeon | 100.0 | 100.0 | 100.0 |   N/A | 100.0 |  43.0
               +-------+-------+-------+-------+-------+----------------------

Vault maps used:
D:1:      dpeg_arrival_chambers_temple_mockup
D:2:      vehumet_crystals
D:3:      first_ration, eino_tiny_chamber, minivault_26
D:4:      good_gods_temple_1, lemuel_round_altar, uniq_eustachio
D:5:      gammafunk_cloud_chamber
